 Dungeon Sprint DCSS version 0.27-a0-1334-g2746e35aca (webtiles) character file.

Game seed: 10678054052218240682

3866 Conn the Ogre Mage (level 10, -1/111 HPs)
             Began as an Ogre Arcane Marksman on June 26, 2021.
             Slain by an unseen horror (7 damage)
             ... in the Dungeon (Sprint I: "Red Sonja").
             The game lasted 00:24:26 (2812 turns).

Conn the Ogre Mage (Ogre Arcane Marksman)           Turns: 2812, Time: 00:24:29

Health: -1/111     AC:  5    Str: 17    XL:     10   Next: 19%
Magic:  20/25      EV: 11    Int: 16    God:
Gold:   893        SH:  0    Dex:  9    Spells: 13/31 levels left

rFire    + . .     SeeInvis .   h - +0 giant club
rCold    + . .     Faith    .   (shield currently unavailable)
rNeg     . . .     Spirit   .   n - +2 robe {rC+ rF+}
rPois    .         Reflect  .   (helmet restricted)
rElec    .         Harm     .   m - scarf {repulsion}
rCorr    .         Rampage  .   (gloves unavailable)
Will     +....     NoTele   +   (boots unavailable)
Stlth    ++........             (no amulet)
HPRegen  0.28/turn              (no ring)
MPRegen  0.19/turn              (no ring)

@: liquefying, slowed movement, repel missiles, very slow
A: large, unfitting armour, tough skin 1
a: no special abilities


You were in the Dungeon.
You visited 1 branch You collected 2115 gold pieces.
You spent 1222 gold pieces at shops.

Inventory:

Hand Weapons
 h - a +0 giant club (weapon)
Missiles
 b - a large rock (quivered)
 c - 2 throwing nets
 l - 5 curare-tipped darts
Armour
 a - a +0 robe
 m - a scarf of repulsion (worn)
 n - a +2 robe of resistance (worn)
Wands
 f - a wand of flame (17)
 k - a wand of iceblast (7)
Scrolls
 i - a scroll of blinking
 j - 2 scrolls of identify {unknown}
Potions
 d - 2 potions of curing
 e - a potion of mutation {unknown}
 g - 2 potions of magic
 o - a potion of degeneration {unknown}


   Skills:
 + Level 10.5 Fighting
 + Level 6.5 Maces & Flails
 * Level 10.6 Throwing
 + Level 5.8 Dodging
 + Level 2.5 Stealth
 * Level 11.2 Spellcasting
 + Level 10.6 Hexes
 * Level 3.9 Translocations
 - Level 2.0 Transmutations
 * Level 3.9 Earth Magic
 + Level 0.6 Evocations


You had 13 spell levels left.
You knew the following spells:

 Your Spells              Type           Power      Damage    Failure   Level
a - Corona                Hex            47%        N/A       1%          1
b - Slow                  Hex            43%        N/A       1%          2
c - Cause Fear            Hex            21%        N/A       1%          4
d - Portal Projectile     Hex/Tloc       64%        N/A       1%          3
e - Beastly Appendage     Tmut           30%        N/A       3%          1
f - Leda's Liquefaction   Hex/Erth       16%        N/A       4%          4
g - Inner Flame           Hex/Fire       26%        N/A       2%          3

Your spell library contained the following spells:

 Spells                   Type           Power      Damage    Failure   Level
 Wereblood                Tmut           15%        N/A       5%          2
 Spider Form              Tmut/Pois      6%         N/A       16%         3
 Ice Form                 Ice/Tmut       12%        N/A       47%         4


Dungeon Overview and Level Annotations

Branches:
Dungeon (1/1)

Altars:
Cheibriados
Dithmenos
Elyvilon
Fedhas
Gozag
Hepliaklqana
Kikubaaqudgha
Makhleb
Nemelex Xobeh
Okawaru
Qazlal
Ru
Sif Muna
Trog
Uskayaw
Vehumet
Wu Jian
Xom
Yredelemnul
Zin
The Shining One
Jiyva
Lugonu

Shops:
D =?[


Innate Abilities, Weirdness & Mutations

You are too large for most types of armour.
You have tough skin. (AC +1)


Message History

You hear a splashing noise. x2
You see here a large rock.
Something completely misses you.
You hear a splashing noise. x2
Something hits you but does no damage. Something hits you. x2
Something hits you!
You see here a large rock.
Something hits you. Something hits you!
* * * LOW HITPOINT WARNING * * *
Throw: 3 large rocks
Press: ? - help, Q - select action, (/) - cycle Shift-Dir - straight line
Aim: Disturbance (purple smoke)
You throw a large rock. Something hits you!
* * * LOW HITPOINT WARNING * * *
Something hits you.
* * * LOW HITPOINT WARNING * * *
Something hits you.
* * * LOW HITPOINT WARNING * * *
Something hits you but does no damage.
Okay, then.
Okay, then.
Aiming: Iceblast
Press: ? - help, Shift-Dir - straight line The mass of ice explodes!
The iceblast engulfs something!
Something hits you!
* * * LOW HITPOINT WARNING * * *
Something hits you.
* * * LOW HITPOINT WARNING * * *
Aiming: Iceblast
Press: ? - help, Shift-Dir - straight line
Aim: Disturbance (purple smoke)
Okay, then.
Okay, then.
Okay, then.
Throw: 2 large rocks
Press: ? - help, Q - select action, (/) - cycle Shift-Dir - straight line
Aim: Disturbance (purple smoke)
You throw a large rock. Something hits you!
You die...

#__####..##.#≈≈≈§.#..#
#_____##'#_.§§≈≈§§'§.#
#_.∩..)'..._#≈§§§.#§§#
#_..__##_.#'##§#####§###
#_____###'#.#§...###.'.#
#########.####'###.###.#
.......'...'[)...'.∩##.#
++++####...###########.#
###.###...@.{§##.#
#.#'#.#...(§§§§§§#
#.....#+++######§#
#..(..# #§# ####### +.#
###


There were no monsters in sight!

Vanquished Creatures
  2 centaur warriors (D)
  Sonja (D)
  A deep troll (D)
  An oklob plant (D)
  A slime creature (D)
  A hornet (D)
  2 redbacks (D)
  Sigmund (D)
  A yak (D)
  An ogre (D)
  A jelly (D)
  Ijyb (D)
14 creatures vanquished.

Vanquished Creatures (others)
  A gargoyle (D)
  2 ballistomycete spores (D)
3 creatures vanquished.

Grand Total: 17 creatures vanquished

Notes
Turn   | Place    | Note
-------+----------+-------------------------------------------
     0 | D        | Conn the Ogre Arcane Marksman began the quest for the Orb.
     0 | D        | Reached XP level 1. HP: 19/19 MP: 2/2
     1 | D        | Noticed Ijyb
    11 | D        | Killed Ijyb
    12 | D        | Reached XP level 2. HP: 12/27 MP: 4/4
    12 | D        | Reached XP level 3. HP: 15/33 MP: 5/5
   229 | D        | Learned a level 2 spell: Slow
   233 | D        | Noticed an ogre
   255 | D        | Killed an ogre
   256 | D        | Reached skill level 5 in Throwing
   256 | D        | Reached skill level 3 in Spellcasting
   256 | D        | Reached XP level 4. HP: 48/48 MP: 2/8
   323 | D        | Learned a level 4 spell: Cause Fear
   323 | D        | Noticed Sigmund
   335 | D        | Killed Sigmund
   336 | D        | Reached skill level 5 in Fighting
   336 | D        | Reached skill level 4 in Spellcasting
   336 | D        | Reached XP level 5. HP: 40/59 MP: 7/11
   336 | D        | Reached XP level 6. HP: 45/67 MP: 7/12
   447 | D        | Found an ornate altar of the Wu Jian Council.
   447 | D        | Found a shimmering blue altar of Sif Muna.
   477 | D        | Found a radiant altar of Vehumet.
   514 | D        | Found a burning altar of Makhleb.
   514 | D        | Found a viscous altar of Jiyva.
   514 | D        | Found a shimmering altar of Xom.
   514 | D        | Found a corrupted altar of Lugonu.
   514 | D        | Noticed a slime creature
   522 | D        | HP: 3/67 [slime creature (18)]
   535 | D        | Killed a slime creature
   536 | D        | Reached skill level 5 in Spellcasting
   536 | D        | Reached XP level 7. HP: 8/78 MP: 9/15
   850 | D        | Found Vah Awuh's Magic Scroll Emporium.
   850 | D        | Found an ancient bone altar of Kikubaaqudgha.
   850 | D        | Found a hazy altar of Hepliaklqana.
   850 | D        | Found a stormy altar of Qazlal.
   850 | D        | Found a hide-covered altar of Uskayaw.
   850 | D        | Found a blossoming altar of Fedhas.
   850 | D        | Found a bloodstained altar of Trog.
   850 | D        | Found an iron altar of Okawaru.
   850 | D        | Found a basalt altar of Yredelemnul.
   850 | D        | Found a glowing golden altar of the Shining One.
   850 | D        | Found a snail-covered altar of Cheibriados.
   850 | D        | Found a sacrificial altar of Ru.
   850 | D        | Found a glowing silver altar of Zin.
   850 | D        | Found a shadowy altar of Dithmenos.
   850 | D        | Found a white marble altar of Elyvilon.
   850 | D        | Noticed a yak
   855 | D        | Killed a yak
   856 | D        | Reached skill level 1 in Stealth
   856 | D        | Reached skill level 6 in Spellcasting
   856 | D        | Found an opulent altar of Gozag.
   857 | D        | Found a sparkling altar of Nemelex Xobeh.
  1069 | D        | Noticed Sonja
  1073 | D        | Killed Sonja
  1074 | D        | Reached skill level 5 in Dodging
  1074 | D        | Reached skill level 7 in Spellcasting
  1074 | D        | Reached XP level 8. HP: 73/92 MP: 16/19
  1257 | D        | Noticed a deep troll
  1270 | D        | Killed a deep troll
  1271 | D        | Reached skill level 10 in Fighting
  1271 | D        | Reached skill level 5 in Maces & Flails
  1271 | D        | Reached skill level 9 in Spellcasting
  1271 | D        | Reached XP level 9. HP: 91/101 MP: 15/22
  1283 | D        | Found Cusale's Armour Emporium.
  1309 | D        | Bought a scroll of acquirement for 676 gold pieces
  1311 | D        | Acquired 1011 gold pieces
  1333 | D        | Bought a scarf of repulsion for 132 gold pieces
  1333 | D        | Bought a +2 robe of resistance for 414 gold pieces
  1362 | D        | Found Feepnapyu's Jewellery Boutique.
  1374 | D        | Learned a level 3 spell: Portal Projectile
  1376 | D        | Learned a level 1 spell: Beastly Appendage
  1381 | D        | Learned a level 4 spell: Leda's Liquefaction
  1385 | D        | Learned a level 3 spell: Inner Flame
  1414 | D        | Noticed a centaur warrior
  1417 | D        | Noticed a centaur warrior
  1431 | D        | Killed a centaur warrior
  1432 | D        | Reached skill level 10 in Hexes
  1442 | D        | Killed a centaur warrior
  1443 | D        | Reached skill level 10 in Throwing
  1443 | D        | Reached skill level 10 in Spellcasting
  1727 | D        | Noticed a hornet
  1859 | D        | Killed a hornet
  1922 | D        | Noticed an oklob plant
  2179 | D        | Killed an oklob plant
  2180 | D        | Reached skill level 11 in Spellcasting
  2180 | D        | Reached skill level 1 in Transmutations
  2180 | D        | Reached XP level 10. HP: 39/111 MP: 23/25
  2192 | D        | Killed a gargoyle
  2811 | D        | HP: 5/111 [something (3)]
  2812 | D        | Slain by an unseen horror

Illustrated notes

Levels and vault maps discovered:
D:        dungeon_sprint_1 [red_sonja_temple_1, red_sonja_temple_small_1]

Skill      XL: |  1  2  3  4  5  6  7  8  9 10 |
---------------+-------------------------------+-----
Throwing       | 3 5 6 7 8 9 10 | 10.6
Dodging        | 2 3 4 5 |  5.8
Hexes          | 4 6 7 8 9 10 | 10.6
Fighting       | 4 5 7 9 10 | 10.5
Spellcasting   | 3 4 5 7 9 11 | 11.2
Maces & Flails | 2 4 5 6 |  6.5
Stealth        | 1 2 |  2.5
Translocations | 3 |  3.9
Earth Magic    | 3 |  3.9
Transmutations | 1 2 |  2.0
Evocations     | |  0.6

Action                   |  1- 3 |  4- 6 |  7- 9 | 10-12 || total
-------------------------+-------+-------+-------+-------++-------
Melee: Unarmed           |     7 |       |       |       ||     7
       Giant club        |       |     7 |    16 |    15 ||    38
       Kick              |       |       |       |     2 ||     2
       Headbutt          |       |       |       |     1 ||     1
Throw: Large rock        |     3 |     4 |    20 |     5 ||    32
       Dart              |       |       |     4 |       ||     4
       Throwing net      |       |       |     2 |       ||     2
 Cast: Slow              |     2 |     5 |    14 |     4 ||    25
       Corona            |     1 |       |     2 |       ||     3
       Cause Fear        |       |       |     8 |     2 ||    10
       Portal Projectile |       |       |     3 |     1 ||     4
       Leda's Liquefacti |       |       |     2 |     2 ||     4
       Beastly Appendage |       |       |       |     1 ||     1
Evoke: Wand              |       |       |     2 |     1 ||     3
  Use: Potion            |     2 |       |     1 |     1 ||     4
       Scroll            |       |       |     1 |       ||     1
 Stab: Held in net/web   |       |       |     1 |       ||     1
Armor: Robe              |       |       |     3 |     5 ||     8
Dodge: Dodged            |     3 |     2 |    22 |     7 ||    34
       Repelled          |       |       |     1 |       ||     1

Table legend: (Time is in decaauts)
 A = Elapsed time spent in this place.
 B = Non-inter-level travel time spent in this place.
 C = Inter-level travel time spent in this place.
 D = Time resting spent in this place.
 E = Time spent auto-exploring this place.
 F = Levels seen in this place.
 G = Mean time per level.
                   A        B        C        D        E       F      G
               +--------+--------+--------+--------+--------+-----+--------+
         Total |   2863 |   2863 |      0 |   1973 |      0 |   1 | 2863.0 |
       Dungeon |   2863 |   2863 |      0 |   1973 |      0 |   1 | 2863.0 |
               +--------+--------+--------+--------+--------+-----+--------+

Top non-repeatable levels by time:
       D: 2863 daAuts
